 Seeded DCSS version 0.27-a0-1232-gc6a4cbd (webtiles) character file.

Game seed: 3375557939289291370 (custom seed)

352 AmazingTV the Sneak (level 6, -3/32 HPs)
             Began as a Spriggan Abyssal Knight on June 8, 2021.
             Was a Believer of Lugonu.
             Slain by a lemure (6 damage)
             ... led by Pikel
             ... on level 4 of the Dungeon.
             The game lasted 00:18:52 (4209 turns).

AmazingTV the Sneak (Spriggan Abyssal Knight)       Turns: 4209, Time: 00:18:54

Health: -3/32      AC:  2    Str:  9    XL:     6   Next: 35%
Magic:  8/8        EV: 17    Int: 14    God:    Lugonu [**....]
Gold:   206        SH:  0    Dex: 15    Spells: 5/5 levels left

rFire    + . .     SeeInvis +   a - +1 dagger (distort)
rCold    x . .     Faith    .   (shield restricted)
rNeg     . . .     Spirit   .   b - +0 robe
rPois    .         Reflect  .   (helmet restricted)
rElec    .         Harm     .   (no cloak)
rCorr    .         Rampage  .   (gloves unavailable)
Will     +....                  (boots unavailable)
Stlth    ++++......             i - amulet of the acrobat
HPRegen  0.10/turn              j - ring of fire
MPRegen  0.11/turn              (no ring)

@: very quick
A: very small, no large weapons, unfitting armour, see invisible, speed 3
a: Renounce Religion, Depart the Abyss, Bend Space


You were on level 4 of the Dungeon.
You worshipped Lugonu.
Lugonu was pleased with you.
You visited 1 branch of the dungeon, and saw 4 of its levels.
You visited the Abyss 1 time.

You collected 206 gold pieces.

Inventory:

Hand Weapons
 a - a +1 dagger of distortion (weapon)
 e - a +1 hand axe
 f - a +0 dagger
Missiles
 g - 39 sling bullets
 h - 83 stones
 o - 8 poisoned darts
Armour
 b - a +0 robe (worn)
Jewellery
 i - an amulet of the acrobat (around neck)
 j - a ring of fire (left hand)
Wands
 d - a wand of charming (8)
Scrolls
 c - 10 scrolls of identify {unknown}
 k - a scroll of fog {unknown}
 l - a scroll of noise {unknown}
 m - a scroll of immolation {unknown}
 n - a scroll of vulnerability {unknown}
 p - a scroll of enchant armour {unknown}
 q - a scroll of blinking {unknown}
 r - a scroll of holy word {unknown}


   Skills:
 - Level 2.4 Fighting
 + Level 4.8 Short Blades
 - Level 1.5 Axes
 - Level 3.2 Dodging
 + Level 7.1 Stealth
 - Level 1.7 Invocations


You had 5 spell levels left.
You didn't know any spells.
Your spell library was empty.

Dungeon Overview and Level Annotations

Branches:
Dungeon (4/15)
 Temple: D:4-7

Altars:
Qazlal
Vehumet

Shops:
D:2 [

Annotations:
D:4 Pikel


Innate Abilities, Weirdness & Mutations

You are very small and have problems with some larger weapons.
You are too small for most types of armour.
You have supernaturally acute eyesight. (SInv)
You cover ground extremely quickly. (Speed+++)


Message History

The hound is lightly wounded.
You feel sick. The adder barely misses you. The hound misses you.
You hit the hound.
Space warps horribly around the hound!
You kill the hound!
Lugonu accepts your kill.
You feel sick. The adder misses you.
Your Stealth skill increases to level 7!
You closely miss the adder.
You feel sick. The adder closely misses you.
You miss the adder.
You feel sick. The adder closely misses you.
You hit the adder but do no damage.
Space warps horribly around the adder!
You kill the adder!
Lugonu accepts your kill.
You start resting.
You feel sick.
You are no longer poisoned.
You start resting.
HP restored.
You feel more attuned to fire.
j - a ring of fire (left hand)
Okay, then.
You climb downwards.
Level annotation: Pikel A lemure comes into view.
The lemure misses you. Pikel misses you. The lemure barely misses you.
A lemure comes into view.
There is a stone staircase leading up here.
You miss Pikel. The lemure hits you! Pikel closely misses you.
The lemure hits you.
You hit Pikel but do no damage.
Space bends around Pikel.
Pikel is lightly wounded.
The lemure barely misses you.
Pikel hits you with a +1 whip of flaming.
Pikel burns you. The lemure hits you but does no damage.
You can't go down here!
The lemure misses you.
Pikel hits you with a +1 whip of flaming!
* * * LOW HITPOINT WARNING * * *
Pikel burns you.
* * * LOW HITPOINT WARNING * * *
The lemure hits you.
You die...

####### .......
### #.......#
#... #.......#
#... #.......#
#.... #.......#
##....##.......##
.......@....5....
......K55..5.....
##....##.).....#
#.... #.).....#
#... ###.######
#....
#...).###### #...
#.#(#....$.# #...
#.#.+......#
#.###......##


You could see Pikel and 4 lemures.

Vanquished Creatures
  A howler monkey (D:4)
  A bullfrog zombie (D:4)
  An orc priest (D:3)
  A hound (D:3)
  2 orc wizards
  A hound skeleton (D:4)
  4 adders
  2 worms (D:2)
  3 dart slugs
  5 orcs
  5 bats
  10 endoplasms
  3 giant cockroaches
  10 goblins
  5 hobgoblins
  9 jackals
  2 quokkas
  3 ball pythons
  7 frilled lizards
  10 kobolds
  A rat (D:1)
86 creatures vanquished.

Notes
Turn   | Place    | Note
-------+----------+-------------------------------------------
     0 | Abyss:1  | AmazingTV the Spriggan Abyssal Knight began the quest for
                  | the Orb.
     0 | Abyss:1  | Reached XP level 1. HP: 11/11 MP: 3/3
   100 | Abyss:2  | Noticed a spatial vortex
   126 | Abyss:2  | Noticed a worldbinder
   128 | Abyss:2  | Noticed a deep elf archer
   134 | Abyss:2  | Noticed a deep elf archer
   136 | Abyss:2  | Noticed a freezing wraith
   139 | Abyss:2  | Noticed a hell hog
   139 | Abyss:2  | Noticed a deep elf archer
   142 | D:1      | Escaped the Abyss
   477 | D:1      | Reached skill level 1 in Stealth
   511 | D:1      | Found a faded altar of an unknown god.
   521 | D:1      | Reached skill level 1 in Short Blades
   603 | D:1      | Reached XP level 2. HP: 16/16 MP: 4/4
   616 | D:1      | Reached skill level 2 in Stealth
   658 | D:1      | Reached * piety under Lugonu
  1111 | D:1      | Reached skill level 3 in Stealth
  1129 | D:1      | Reached XP level 3. HP: 19/19 MP: 5/5
  1622 | D:2      | Reached skill level 4 in Stealth
  1767 | D:2      | Reached XP level 4. HP: 23/23 MP: 6/6
  2110 | D:2      | Found Reesocobb's Armour Boutique.
  2410 | D:3      | Found a stormy altar of Qazlal.
  2554 | D:3      | Reached ** piety under Lugonu
  2791 | D:3      | Reached skill level 5 in Stealth
  2791 | D:3      | Reached XP level 5. HP: 13/27 MP: 7/7
  3698 | D:3      | Found a radiant altar of Vehumet.
  3789 | D:4      | Reached skill level 6 in Stealth
  3886 | D:4      | Reached XP level 6. HP: 24/32 MP: 8/8
  3921 | D:4      | Noticed Pikel
  4011 | D:3      | Reached skill level 7 in Stealth
  4209 | D:4      | Slain by a lemure

Illustrated notes

Levels and vault maps discovered:
D:1:      dpeg_arrival_three_smaller_balls, layout_rooms,
          hellmonk_ecumenical_altar_prayer_group, minmay_split_cup_large
D:2:      layout_rooms, serial_shops, nicolae_shop_crystal
D:3:      layout_basic, lemuel_coloured_pillars_altar,
          nicolae_overflow_hidden_temple
D:4:      layout_basic, trog_hazing_becter, slow_altar_1, uniq_pikel,
          uniq_grinder

Skill      XL: |  1  2  3  4  5  6 |
---------------+-------------------+-----
Stealth        | 1 3 4 5 6 7 |  7.1
Short Blades   | 1 2 3 4 |  4.8
Fighting       | |  2.4
Axes           | |  1.5
Dodging        | |  3.2
Invocations    | |  1.7

Action                   |  1- 3 |  4- 6 || total
-------------------------+-------+-------++-------
Melee: Dagger            |    98 |   116 ||   214
Invok: Depart the Abyss  |     1 |       ||     1
 Stab: Sleeping          |     7 |     6 ||    13
Armor: Robe              |     4 |    13 ||    17
Dodge: Dodged            |    66 |    75 ||   141

Table legend: (Time is in decaauts)
 A = Elapsed time spent in this place.
 B = Non-inter-level travel time spent in this place.
 C = Inter-level travel time spent in this place.
 D = Time resting spent in this place.
 E = Time spent auto-exploring this place.
 F = Levels seen in this place.
 G = Mean time per level.
                   A        B        C        D        E       F      G
               +--------+--------+--------+--------+--------+-----+--------+
         Total |   3370 |   3226 |    144 |   1693 |    798 |   6 |  561.7 |
       Dungeon |   3283 |   3139 |    144 |   1693 |    753 |   4 |  820.8 |
         Abyss |     87 |     87 |      0 |      0 |     45 |   2 |   43.5 |
               +--------+--------+--------+--------+--------+-----+--------+

Top non-repeatable levels by time:
     D:1: 1180 daAuts
     D:2: 998 daAuts
     D:3: 967 daAuts
     D:4: 137 daAuts
 Abyss:1: 45 daAuts
 Abyss:2: 41 daAuts
